Map: Submarine LE

Players

PtitDrogo - Winner!

  • Race: Protoss Protoss
  • League: Master
  • Spawn Location: 5:00

AGOElazer (Elazer)

  • Race: Zerg Zerg
  • League: Master
  • Spawn Location: 11:00

Event: StayAtHomestory Cup #2

VOD

Have the link to the VOD?

Description

Time

  • Played on: June 11, 2020, 10:05 a.m.
  • Length: 10:49

All games in this series

Show
View Real Time Build Order
Export as new Build Order

PtitDrogo Protoss - Winner!

Build Orders: 1 Gate Expand, Zealot Archon, Archon Drop 

Get SALT Encoding   

  12  0:00  Probe  
  13  0:12  Probe  
  14  0:21  Pylon  
  14  0:25  Probe  
  15  0:35  Probe  
  15  0:40  Gateway  
  16  0:43  Probe  
  17  0:50  Assimilator  
  17  0:53  Probe  
  18  1:05  Probe  
  19  1:17  Probe  
  20  1:26  Nexus  
  20  1:35  Cybernetics Core  
  20  1:38  Probe  
  21  1:44  Assimilator  
  21  1:50  Probe  
  21  1:53  Pylon  
  22  2:02  Adept, Probe  
  23  2:12  Warp Gate  
  23  2:14  Probe  
  26  2:22  Robotics Facility  
  26  2:27  Probe  
  27  2:32  Stalker  
  27  2:35  Probe x2  
  29  2:43  Probe x2  
  33  2:53  Probe x2  
  35  3:00  Gateway  
  35  3:03  Sentry  
  35  3:05  Probe x2  
  39  3:07  Warp Prism  
  39  3:19  Probe  
  43  3:26  Pylon  
  42  3:34  Immortal  
  42  3:40  Probe x2  
  44  3:47  Pylon  
  48  3:52  Probe x2  
  50  4:01  Adept  
  50  4:02  Zealot  
  54  4:03  Immortal  
  54  4:05  Probe x2  
  56  4:11  Pylon  
  60  4:17  Probe x2  
  60  4:21  Forge, Twilight Council  
  62  4:29  Protoss Ground Weapons Level 1  
  62  4:30  Zealot x2  
  66  4:38  Probe x2  
  68  4:40  Assimilator  
  68  4:41  Assimilator  
  64  4:47  Pylon  
  64  4:53  Probe  
  64  4:59  Charge, Probe  
  64  5:05  Probe  
  63  5:14  Immortal  
  63  5:16  Templar Archives  
  63  5:17  Gateway  
  67  5:27  Gateway  
  67  5:31  Gateway x2  
  67  5:36  Gateway  
  67  5:38  Gateway  
  67  5:43  Gateway  
  67  5:49  Pylon  
  67  5:50  Pylon  
  67  5:54  High Templar x2  
  67  5:56  Observer  
  72  5:58  Archon  
  72  6:11  Zealot  
  72  6:18  Pylon  
  74  6:25  High Templar x2  
  78  6:26  Zealot x3  
  78  6:29  Archon, Pylon  
  78  6:32  Zealot x3  
  90  6:37  Zealot  
  92  6:50  High Templar x2  
  92  6:52  Zealot x4  
  104  6:54  Archon  
  104  6:57  Zealot x3  
  110  7:02  Pylon  
  110  7:05  Pylon  
  102  7:15  Zealot x4  
  98  7:18  Zealot x2  
  92  7:24  Zealot x2  
  92  7:28  Zealot  
  76  7:44  Zealot x5  
  76  7:51  Warp Prism, Zealot x2  
  66  8:05  High Templar x3  
  66  8:06  Sentry, High Templar  
  66  8:09  Archon x2  
  70  8:20  High Templar x2  
  70  8:21  Zealot x2  
  70  8:24  Archon  
  78  8:31  Zealot  
  80  8:39  Zealot x3  
  80  8:40  Zealot  
  78  8:57  Zealot x2  
  78  8:58  Zealot x2  
  78  9:01  High Templar x2  
  78  9:02  Zealot x3  
  96  9:07  Archon  
  96  9:19  High Templar x2  
  94  9:27  Archon  
  80  9:32  Zealot x4  
  80  9:33  Zealot  
  90  9:40  Zealot  
  90  9:41  Zealot  
  94  9:53  High Templar x2  
  94  9:55  Nexus  
  94  9:57  Archon  
  98  10:02  Zealot x2  
  92  10:08  Zealot  
  92  10:13  Zealot  
  84  10:25  Zealot  
  84  10:26  Zealot  
  80  10:35  Zealot x3  
Show
View Real Time Build Order
Export as new Build Order

AGOElazer Zerg 

Build Orders: Hatch First 

Get SALT Encoding   

  12  0:00  Drone  
  13  0:12  Overlord  
  13  0:16  Drone  
  14  0:30  Drone x2  
  16  0:46  Drone  
  17  0:51  Hatchery  
  17  0:55  Drone  
  17  0:58  Drone  
  18  1:09  Extractor  
  17  1:12  Spawning Pool  
  17  1:15  Drone  
  17  1:20  Drone  
  18  1:27  Drone  
  19  1:38  Drone  
  20  1:49  Overlord  
  20  1:59  Queen  
  22  2:05  Queen, Zergling x2  
  22  2:06  Zergling x2  
  26  2:11  Drone  
  26  2:12  Metabolic Boost  
  26  2:14  Drone  
  28  2:21  Drone  
  29  2:25  Drone  
  30  2:41  Hatchery  
  30  2:43  Queen  
  31  2:46  Drone  
  31  2:48  Drone  
  33  2:53  Overlord  
  32  2:58  Zergling x2  
  32  3:02  Drone x2  
  35  3:14  Drone  
  35  3:19  Drone  
  36  3:20  Drone x4  
  36  3:21  Queen  
  42  3:28  Overlord  
  42  3:29  Drone  
  43  3:47  Overlord  
  43  3:48  Drone x2  
  45  3:53  Drone x6  
  45  3:54  Drone  
  52  4:02  Roach Warren  
  51  4:04  Overlord  
  51  4:06  Zergling x2  
  51  4:07  Zergling x2  
  53  4:11  Zergling x2  
  53  4:15  Overlord  
  53  4:16  Zergling x2  
  55  4:20  Zergling x6  
  58  4:24  Zergling x2  
  58  4:28  Zergling x2  
  58  4:29  Zergling x2  
  61  4:32  Zergling x6  
  61  4:35  Queen  
  61  4:36  Zergling x2  
  67  4:43  Zergling x4  
  68  4:49  Overlord  
  68  4:51  Drone x7  
  68  4:52  Drone  
  76  4:54  Lair  
  76  4:59  Drone x3  
  71  5:01  Drone  
  71  5:02  Drone  
  71  5:04  Drone  
  73  5:14  Extractor, Drone x2  
  71  5:16  Extractor, Drone, Hatchery  
  72  5:23  Drone  
  72  5:24  Drone  
  72  5:28  Overlord  
  74  5:29  Drone x2  
  74  5:32  Extractor x2  
  74  5:33  Overlord  
  74  5:37  Roach x7  
  74  5:39  Overlord  
  88  5:43  Drone  
  89  5:52  Glial Reconstitution  
  89  5:53  Roach x3  
  89  5:55  Overseer  
  95  5:58  Overlord  
  95  6:05  Roach x4  
  95  6:08  Overlord  
  103  6:12  Overlord  
  103  6:16  Roach x4  
  103  6:17  Ravager x2  
  113  6:21  Zergling x2  
  113  6:22  Zergling x2  
  115  6:28  Zergling x2  
  115  6:29  Zergling x14  
  115  6:30  Ravager x2  
  124  6:35  Zergling x6  
  128  6:40  Ravager  
  128  6:41  Baneling Nest  
  128  6:44  Zergling x10  
  132  6:49  Ravager x2  
  132  6:51  Overlord  
  134  6:55  Zergling x18  
  134  6:59  Overlord x2  
  126  7:12  Roach x6  
  123  7:18  Roach  
  123  7:19  Roach x2  
  116  7:25  Roach x4  
  116  7:28  Roach  
  116  7:29  Roach  
  112  7:32  Zergling x6  
  111  7:38  Zergling x8  
  111  7:41  Zergling x4  
  101  7:47  Zergling x2  
  101  7:48  Zergling x4  
  82  7:53  Zergling x10  
  82  7:55  Zergling x2  
  76  8:02  Drone x5  
  81  8:08  Drone x3  
  81  8:12  Ravager x3  
  87  8:15  Queen  
  87  8:17  Drone  
  87  8:19  Drone  
  91  8:33  Roach x5  
  101  8:38  Roach x3  
  100  8:46  Roach x4  
  101  8:51  Roach x2  
  99  8:58  Roach x2  
  99  9:00  Roach  
  103  9:11  Roach x3  
  103  9:12  Queen x2  
  103  9:13  Queen  
  110  9:19  Roach x2  
  108  9:24  Roach  
  108  9:27  Roach x3  
  108  9:31  Roach x2  
  109  9:36  Roach  
  109  9:40  Ravager  
  109  9:41  Roach x2, Ravager  
  115  9:46  Roach  
  116  9:53  Roach x2  
  116  9:54  Queen x3  
  126  10:00  Roach x2  
  126  10:05  Roach  
  111  10:10  Roach x4  
  107  10:19  Roach x3  
  99  10:23  Roach x5  
  99  10:27  Roach  
Tags
 
Add a new tag
Caveats
  • Supply blocks, unpowered buildings, or Contaminate may cause inaccurate times.
  • Supply counts are checked every 10 seconds.